AoeStats
← TheWalker6055

Four Lakes

507965478Analyzed
1v1 RM · 12d ago on Sep 20, 2026· 61m 34s· 2 players
Game mode
Random Map
Map size
Tiny (2 player)
Population
200
Speed
Normal
Resources
Standard
Victory
Conquest
Starting age
Dark Age
Ending age
Imperial Age
RankedLock teamsTeams togetherTeam positionsShared explorationLock speedFull tech treeHidden civsTurbo modeCheats
Victory
Defeat
🇩🇪 Persians · Germany
788
+17
🇮🇳 Celts · India
803
-17
SourBeatle3800
8:18 Loom
11:44 Feudal Age
13:15 Double-Bit Axe
17:27 Castle Age
22:22 Light Cavalry
23:13 Bloodlines
23:04 Husbandry
25:46 Horse Collar
26:22 Bow Saw
26:27 Gold Mining
26:31 Stone Mining
29:01 Stone Shaft Mining
29:04 Gold Shaft Mining
28:37 Heavy Plow
35:19 Imperial Age
33:36 Wheelbarrow
33:37 Scale Mail Armor
35:10 Forging
35:15 Chain Mail Armor
35:07 Scale Barding Armor
35:19 Elite War Elephant
38:17 Hussar
39:37 Iron Casting
39:32 Plate Mail Armor
39:23 Chain Barding Armor
42:47 Blast Furnace
43:22 Chemistry
43:14 Plate Barding Armor
TheWalker6055
0:26 Loom
12:55 Feudal Age
14:22 Wheelbarrow
13:33 Double-Bit Axe
14:29 Fishing Lines
14:56 Town Watch
15:05 Gold Mining
15:05 Stone Mining
16:53 Stone Mining
17:31 Forging
17:21 Scale Mail Armor
17:28 Scale Barding Armor
17:14 Fletching
17:24 Padded Archer Armor
20:01 Castle Age
20:06 Arson
20:57 Horse Collar
21:54 Gold Shaft Mining
21:33 Bow Saw
24:02 Hand Cart
23:40 Stronghold
24:47 Stone Shaft Mining
26:57 Iron Casting
26:38 Chain Mail Armor
30:26 Heavy Plow
34:19 Imperial Age
32:37 Gillnets
33:15 Chain Barding Armor
32:17 Man-at-Arms
32:42 Gambesons
34:12 Bodkin Arrow
34:32 Leather Archer Armor
34:59 Elite Woad Raider
36:04 Conscription
36:37 Furor Celtica
37:02 Hoardings
36:59 Town Patrol
37:57 Hoardings
38:24 Blast Furnace
37:54 Plate Mail Armor
37:13 Long Swordsman
37:13 Pikeman
38:03 Two-Handed Swordsman
38:16 Sappers
38:12 Halberdier
39:16 Champion
41:28 Leather Archer Armor
45:05 Chemistry
44:02 Murder Holes
44:39 Masonry
51:47 Ring Archer Armor
Connection lost

Rejoining the realm…

Still unreachable

The connection could not be restored.

Session expired

The server has moved on; the page needs a fresh start.